 Dungeon Crawl Stone Soup version 0.31-a0-229-g1fc7ce93e2 (webtiles) character file.

Game seed: 10252237520843924769

74 qw the Shooter (level 4, -2/36 HPs)
             Began as a Minotaur Hexslinger on July 6, 2023.
             Slain by a gnoll
             ... wielding a +0 spear
              (8 damage)
             ... on level 2 of the Dungeon.
             The game lasted 00:00:25 (1231 turns).

qw the Shooter (Minotaur Hexslinger)                Turns: 1231, Time: 00:00:25

Health: -2/36      AC:  2    Str: 13    XL:     4   Next: 9%
Magic:  4/4        EV: 12    Int: 10    God:
Gold:   110        SH:  0    Dex: 14    Spells: 4/5 levels left

rFire   . . .        a - +1 sling
rCold   . . .        (no shield)
rNeg    . . .        c - +0 robe
rPois   .            (helmet restricted)
rElec   .            (no cloak)
rCorr   .            (no gloves)
SInv    .            (no boots)
Will    .....        (no amulet)
Stlth   +            (no ring)
HPRegen 0.26/turn    (no ring)
MPRegen 0.09/turn

%: no passive effects
@: no status effects
A: horns 2, retaliatory headbutt
a: no special abilities


You were on level 2 of the Dungeon.
You visited 1 branch of the dungeon, and saw 2 of its levels.

You collected 110 gold pieces.


Innate Abilities, Weirdness & Mutations

You have a pair of horns on your head.
You reflexively headbutt those who attack you in melee.


   Skills:
 - Level 2.0 Fighting
 + Level 4.6 Ranged Weapons
 - Level 2.1 Dodging
 - Level 1.0 Spellcasting
 - Level 2.0 Hexes


You had 4 spell levels left.
You knew the following spells:

 Your Spells              Type           Power      Damage    Failure   Level
a - Slow                  Hex            16%        N/A       16%         1

Your spell library contained the following spells:

 Spells                   Type           Power      Damage    Failure   Level
 Inner Flame              Hex/Fire       2%         N/A       56%         3
 Portal Projectile        Hex/Tloc       4%         N/A       56%         3
 Cause Fear               Hex            2%         N/A       83%         4

Inventory:

Hand Weapons
 a - a +1 sling (weapon)
Armour
 c - a +0 robe (worn)
 e - a +0 leather armour
Scrolls
 g - 3 scrolls of identify {unknown}
Potions
 b - a potion of curing {unknown}
 d - a potion of lignification {unknown}
 f - a potion of attraction {unknown}
 h - a potion of might {unknown}

Dungeon Overview and Level Annotations

Branches:
Dungeon (2/15)

Altars:


Message History

Enter note: 2 gnolls come into view.
The gnoll shouts!
You hear a shout!
A gnoll comes into view. It is wielding a +0 spear.
The gnoll moves out of view.
Enter note:
Enter note:
Enter note:
Enter note: You shoot a sling bullet.
The gnoll shouts!
The sling bullet hits the gnoll.
The gnoll is moderately wounded.
A gnoll comes into view. It is wielding a +1 vampiric spear.
1222 ||| Stepping ~*~*~tactically~*~*~ (outnumbered).
1224 ||| Stepping ~*~*~tactically~*~*~ (outnumbered).
You shoot a sling bullet. The sling bullet hits the gnoll.
The gnoll is heavily wounded.
You shoot a sling bullet.
The sling bullet closely misses the gnoll.
The gnoll hits you with a +0 whip.
You shoot a sling bullet. The sling bullet hits the gnoll.
The gnoll is almost dead.
The gnoll hits you with a +0 whip. The gnoll closely misses you.
You shoot a sling bullet. The sling bullet hits the gnoll.
You kill the gnoll!
You have reached level 4!
You feel stronger.
You shoot a sling bullet. The sling bullet hits the gnoll.
The gnoll is lightly wounded.
The gnoll hits you from afar with a +0 spear. x2
You shoot a sling bullet.
The sling bullet barely misses the gnoll.
The gnoll misses you.
The gnoll hits you from afar with a +1 vampiric spear.
The gnoll hits you from afar with a +0 spear.
You shoot a sling bullet.
The sling bullet closely misses the gnoll.
The gnoll hits you from afar with a +0 spear.
The gnoll hits you from afar with a +0 spear!
You die...

#.# #.### ## #.# #.#.##
.. #.# #....## #g ..#
##.....## #g #.#
##.....<.## #. #.#
#.......... .#####. #g#
#.#....####
......g##.#####.#.#.#####
....$.g)@................
....#####.<..............
# #######.#.###.### #.#.#
#.... #.#.###....
#.#.....### #..........
###########


You could see 3 gnolls.

Vanquished Creatures
  A gnoll (D:2)
  3 adders
  A dart slug (D:2)
  3 endoplasms
  2 giant cockroaches (D:1)
  3 goblins (D:1)
  4 hobgoblins (D:1)
  4 jackals (D:1)
  3 ball pythons (D:1)
  2 bats (D:1)
  2 frilled lizards (D:1)
  4 kobolds
  2 rats (D:1)
34 creatures vanquished.

Notes
Turn   | Place    | Note
-------+----------+-------------------------------------------
     0 | D:1      | qw the Minotaur Hexslinger began the quest for the Orb.
     0 | D:1      | Reached XP level 1. HP: 16/16 MP: 1/1
     0 | D:1      | 0 ||| qw: Version: 0.3-a-46-gb1f654a
     0 | D:1      | 0 ||| qw: Game counter: 1491
     0 | D:1      | 0 ||| qw: Melee chars always use a shield: true
     0 | D:1      | 0 ||| qw: God list: Okawaru
     0 | D:1      | 0 ||| qw: Allow faded altars: false
     0 | D:1      | 0 ||| qw: Do Orc after clearing Dungeon:15 true
     0 | D:1      | 0 ||| qw: Do second Lair branch before Depths: true
     0 | D:1      | 0 ||| qw: Lair rune preference: random
     0 | D:1      | 0 ||| qw: Goals: Normal
     0 | D:1      | 0 ||| PLANNING D:1-11
   125 | D:1      | Reached skill level 3 in Ranged Weapons
   144 | D:1      | Reached XP level 2. HP: 23/23 MP: 2/2
   428 | D:1      | 428 ||| FLEEEEING.
   429 | D:1      | 429 ||| FLEEEEING.
   430 | D:1      | 430 ||| FLEEEEING.
   431 | D:1      | 431 ||| FLEEEEING.
   432 | D:1      | 432 ||| FLEEEEING.
   433 | D:1      | 433 ||| FLEEEEING.
   434 | D:1      | 434 ||| FLEEEEING.
   435 | D:1      | 435 ||| FLEEEEING.
   436 | D:1      | 436 ||| FLEEEEING.
   437 | D:1      | 437 ||| FLEEEEING.
   438 | D:1      | 438 ||| FLEEEEING.
   468 | D:1      | Reached XP level 3. HP: 29/29 MP: 3/3
   827 | D:1      | 827 ||| DRINKING 2 green potions.
   828 | D:1      | 828 ||| DROPPING scroll of poison.
   874 | D:2      | 874 ||| STAIRDANCE
   906 | D:2      | Reached skill level 4 in Ranged Weapons
   973 | D:2      | HP: 6/29 [poisoned by an adder]
   974 | D:2      | 974 ||| DRINKING potion of heal wounds.
  1222 | D:2      | 1222 ||| Stepping ~*~*~tactically~*~*~ (outnumbered).
  1224 | D:2      | 1224 ||| Stepping ~*~*~tactically~*~*~ (outnumbered).
  1229 | D:2      | Reached XP level 4. HP: 24/36 MP: 4/4
  1231 | D:2      | HP: 6/36 [gnoll/+0 spear (5)]
  1231 | D:2      | Slain by a gnoll

Levels and vault maps discovered:
D:1:      saegor_arrival_fortress, layout_basic
D:2:      layout_loops_ring, st_stairs_4

Skill      XL: |  1  2  3 |
---------------+----------+-----
Ranged Weapons | 3 4 |  4.6
Fighting       | 2 |  2.0
Dodging        | |  2.1
Spellcasting   | |  1.0
Hexes          | |  2.0

Action                     |  1- 3 |  4- 6 || total
---------------------------+-------+-------++-------
   Fire: Sling             |    85 |     3 ||    88
    Use: Potion            |     2 |       ||     2
 Armour: Robe              |    13 |       ||    13
  Dodge: Dodged            |    28 |     1 ||    29

Table legend:
 A = Non-vault XP
 B = Vault XP
 C = Vault XP percentage of total XP
 D = Non-vault monster count
 E = Vault monster count
 F = Vault count percentage of total count
                 A         B        C        D         E       F
            +---------+---------+-------+---------+---------+-------
      Total |     106 |       0 |   0.0 |      34 |       0 |   0.0
            +---------+---------+-------+---------+---------+-------
        D:1 |      58 |       0 |   0.0 |      28 |       0 |   0.0
        D:2 |      48 |       0 |   0.0 |       6 |       0 |   0.0
            +---------+---------+-------+---------+---------+-------
